AoeStats
← Andrew

Nomad

510247663Analyzed
2v2 RM · 1d ago on Sep 30, 2026· 41m 36s· 4 players
Game mode
Random Map
Map size
176×176
Population
200
Speed
Normal
Resources
Standard
Victory
Conquest
Starting age
Dark Age
Ending age
Imperial Age
RankedLock teamsTeams togetherTeam positionsShared explorationLock speedFull tech treeHidden civsTurbo modeCheats
Victory
Defeat
🇻🇪 Huns · Venezuela
834
+11
🇻🇪 Turks · Venezuela
818
+12
🇲🇽 Bengalis · Mexico
776
-13
🇲🇽 Romans · Mexico
676
-10
KingTafoya
3:47 Loom
15:35 Feudal Age
17:14 Fishing Lines
20:25 Wheelbarrow
19:38 Double-Bit Axe
20:35 Forging
22:33 Fletching
22:44 Padded Archer Armor
29:15 Castle Age
33:39 Scale Barding Armor
Juan86852
4:18 Loom
17:56 Feudal Age
20:37 Wheelbarrow
21:56 Horse Collar
22:06 Double-Bit Axe
31:52 Castle Age
30:14 Scale Barding Armor
31:19 Bloodlines
37:03 Forging
Andrew
4:56 Loom
16:38 Feudal Age
17:04 Double-Bit Axe
18:18 Wheelbarrow
19:39 Horse Collar
21:28 Gold Mining
31:21 Man-at-Arms
36:46 Horse Collar
41:16 Castle Age
40:53 Fishing Lines
41:51 Forging
41:42 Scale Mail Armor
juan
10:33 Loom
13:19 Feudal Age
16:13 Forging
16:41 Bloodlines
20:30 Fletching
24:19 Castle Age
24:56 Scale Barding Armor
24:56 Light Cavalry
26:41 Gold Mining
26:56 Padded Archer Armor
28:03 Husbandry
32:20 Bodkin Arrow
36:53 Imperial Age
35:08 Ballistics
36:08 Wheelbarrow
36:43 Double-Bit Axe
36:59 Horse Collar
38:07 Town Watch
39:31 Parthian Tactics
39:11 Bracer
40:10 Heavy Cavalry Archer
42:22 Leather Archer Armor
Connection lost

Rejoining the realm…

Still unreachable

The connection could not be restored.

Session expired

The server has moved on; the page needs a fresh start.